 Dungeon Crawl Stone Soup version 0.31-a0-222-gefeffbb62a (webtiles) character file.

Game seed: 18187727078275758001

65 coffeetime the Covered (level 3, 0/33 HPs)
             Began as an Armataur Fighter on July 5, 2023.
             Was a Believer of Lugonu.
             Slain by a phantom (6 damage)
             ... on level 4 of the Dungeon.
             The game lasted 00:07:30 (2115 turns).

coffeetime the Covered (Armataur Fighter)           Turns: 2115, Time: 00:07:30

Health: 0/33       AC:  8    Str: 21    XL:     3   Next: 92%
Magic:  3/3        EV:  7    Int:  8    God:    Lugonu [**....]
Gold:   83         SH:  4    Dex: 11    Spells: 2/2 levels left

rFire   . . .        a - +0 flail
rCold   . . .        c - +0 buckler
rNeg    . . .        b - +0 scale mail
rPois   .            (no helmet)
rElec   .            (no cloak)
rCorr   .            u - +0 pair of gloves
SInv    .            (no barding)
Will    .....        (no amulet) Stlth
                     (no ring)
HPRegen 0.25/turn    (no ring)
MPRegen 0.08/turn

%: roll
@: no status effects
A: large, rugged brown scales 3, deformed body, armoured tail, roll, long
tongue, awkward tongue
a: Renounce Religion, Depart the Abyss, Banish


You were on level 4 of the Dungeon.
You worshipped Lugonu.
Lugonu was pleased with you.
You visited 1 branch of the dungeon, and saw 4 of its levels.

You collected 83 gold pieces.

Inventory:

Hand Weapons
 a - a +0 flail (weapon)
 m - a +0 sling
Missiles
 f - 21 stones
 t - 6 boomerangs (quivered)
 A - 5 poisoned darts
Armour
 b - a +0 scale mail (worn)
 c - a +0 buckler (worn)
 u - a +0 pair of gloves (worn)
Magical Staves
 o - a staff of death
Jewellery
 z - a ring of fire
Wands
 B - a wand of flame (27)
Scrolls
 g - a scroll of silence {unknown}
 i - a scroll of identify {unknown}
 j - a scroll of fear {unknown}
 n - a scroll of enchant weapon {unknown}
 p - 2 scrolls of blinking {unknown}
 v - a scroll of immolation {unknown}
 x - a scroll of revelation {unknown}
 y - a scroll of vulnerability {unknown}
Potions
 d - 2 potions of might
 h - a potion of heal wounds {unknown}
 k - 3 potions of curing {unknown}
 l - 3 potions of enlightenment {unknown}
 q - a potion of ambrosia {unknown}
 r - a potion of berserk rage {unknown}
 s - a potion of invisibility {unknown}
 w - a potion of mutation {unknown}


   Skills:
 + Level 3.0 Fighting
 + Level 2.3 Maces & Flails
 + Level 4.4 Armour
 - Level 0.6 Dodging
 + Level 3.6 Shields
 * Level 0.3 Invocations


You had 2 spell levels left.
You didn't know any spells.
Your spell library contained the following spells:

 Spells                   Type           Power      Damage    Failure   Level
 Magic Dart               Conj           0%         1d3       80%         1
 Call Imp                 Summ           0%         N/A       91%         2
 Hailstorm                Conj/Ice       0%         3d3       99%         3
 Mephitic Cloud           Conj/Pois/Air  0%         N/A       99%         3
 Portal Projectile        Hex/Tloc       0%         N/A       99%         3
 Tukima's Dance           Hex            0%         N/A       99%         3
 Ice Form                 Ice/Tmut       0%         N/A       100%        4
 Blade Hands              Tmut           0%         N/A       100%        5
 Simulacrum               Ice/Necr       0%         N/A       100%        6


Dungeon Overview and Level Annotations

Branches:
Dungeon (4/15)
 Temple: D:4-7

Altars:
Lugonu

Annotations:
D:3 2 transporters, holysushi's ghost, amateur FoFi


Innate Abilities, Weirdness & Mutations

You are completely covered in rugged brown scales. (AC +3, +7% HP)
Armour fits poorly on your strangely shaped body.
You have a long armoured tail.
You roll when moving toward enemies. (Rampage)
Your long tongue fully drains potion bottles. (2x potion effects)
Your tongue gives you trouble enunciating. (1.5x scroll delay)


Message History

* * * LOW HITPOINT WARNING * * *
The phantom attacks as you move away! The phantom completely misses you.
The gnoll attacks as you move away! The gnoll hits you but does no damage.
You block the gnoll's attack. The gnoll attacks as you move away!
The gnoll hits you with a +0 whip.
* * * LOW HITPOINT WARNING * * *
The gnoll attacks as you move away! The gnoll hits you but does no damage.
The gnoll barely misses you. The phantom barely misses you.
The phantom attacks as you move away! The phantom hits you.
* * * LOW HITPOINT WARNING * * *
The gnoll completely misses you. The phantom attacks as you move away!
You block the phantom's attack. The phantom attacks as you move away!
The phantom hits you but does no damage.
Found a hand axe.
The phantom attacks as you move away! You block the phantom's attack.
The phantom attacks as you move away! The phantom barely misses you.
The phantom attacks as you move away!
The phantom hits you but does no damage.
A hobgoblin comes into view.
The hobgoblin hits you but does no damage.
The hobgoblin attacks as you move away! The hobgoblin hits you.
* * * LOW HITPOINT WARNING * * *
Okay, then.
The hobgoblin attacks as you move away! The hobgoblin hits you.
* * * LOW HITPOINT WARNING * * *
The phantom attacks as you move away!
The phantom hits you but does no damage.
The hobgoblin throws a stone.
You block the stone.
Found a club.
The hobgoblin throws a stone.
You block the stone. The phantom attacks as you move away!
The phantom hits you.
* * * LOW HITPOINT WARNING * * *
The phantom attacks as you move away! The phantom barely misses you.
The hobgoblin throws a stone.
The stone hits you but does no damage.
Found a dark potion.
The phantom hits you but does no damage.
The hobgoblin throws a stone.
The stone closely misses you. The phantom attacks as you move away!
The phantom hits you.
You die...

######....#### ##...
##...##....## ##.#
##.......g...# #..
#......gg....# ##g
#.............# #.
#............... #.
#.................#####
#.....W.............# #
##.)..@.............###
#.....................##
........................#
..........................
..........................
......................>...
.!..........$............
..............<.........
..?........†....#


You could see a phantom, 2 gnolls and a hobgoblin.

Vanquished Creatures
  2 worms
  3 dart slugs
  4 ball pythons
  4 bats
  5 endoplasms
  3 giant cockroaches
  6 goblins
  3 hobgoblins
  6 quokkas
  A frilled lizard (D:1)
  4 kobolds (D:1)
  6 rats
47 creatures vanquished.

Notes
Turn   | Place    | Note
-------+----------+-------------------------------------------
     0 | D:1      | coffeetime the Armataur Fighter began the quest for the
                  | Orb.
     0 | D:1      | Reached XP level 1. HP: 19/19 MP: 1/1
    73 | D:1      | Reached XP level 2. HP: 16/26 MP: 2/2
   193 | D:1      | Reached skill level 4 in Armour
   194 | D:1      | Found a faded altar of an unknown god.
   202 | D:1      | Prayed at the altar of an unknown god.
   202 | D:1      | Became a worshipper of Lugonu the Unformed
   202 | D:1      | Reached * piety under Lugonu
   645 | D:2      | Reached XP level 3. HP: 31/32 MP: 3/3
  1008 | D:3      | Found a transporter.
  1015 | D:3      | Noticed holysushi's ghost (amateur FoFi)
  1058 | D:3      | Found a transporter.
  1132 | D:3      | Reached ** piety under Lugonu
  1829 | D:4      | Noticed a phantom
  1876 | D:4      | Noticed a black bear
  1943 | D:4      | Noticed an ogre
  2115 | D:4      | Slain by a phantom

Illustrated notes

Levels and vault maps discovered:
D:1:      amcnicky_arrival_blooded_trapdoor, layout_rooms,
          ebering_ecumenical_altar_hall, chequers_serial_rivers_room_b
D:2:      layout_rooms
D:3:      layout_basic, gammafunk_ghost_stat_death
D:4:      layout_layer_cave, nicolae_shop_fire_sale [nicolae_sub_dead_trees],
          uniq_crazy_yiuf_cottage, uniq_edmund

Skill      XL: |  1  2  3 |
---------------+----------+-----
Maces & Flails | 2 |  2.3
Armour         | 4 |  4.4
Fighting       | 3 |  3.0
Dodging        | |  0.6
Shields        | |  3.6
Invocations    | |  0.3

Action                     || total
---------------------------++-------
  Melee: Flail             ||   141
         Tailslap          ||    13
    Use: Scroll            ||     3
 Armour: Scale mail        ||   120
  Dodge: Dodged            ||    75
  Block: Buckler           ||    34

Table legend: (Time is in decaauts)
 A = Elapsed time spent in this place.
 B = Non-inter-level travel time spent in this place.
 C = Inter-level travel time spent in this place.
 D = Time resting spent in this place.
 E = Time spent auto-exploring this place.
 F = Levels seen in this place.
 G = Mean time per level.
                   A        B        C        D        E       F      G
               +--------+--------+--------+--------+--------+-----+--------+
         Total |   2162 |   1958 |    204 |     84 |   1381 |   4 |  540.5 |
       Dungeon |   2162 |   1958 |    204 |     84 |   1381 |   4 |  540.5 |
               +--------+--------+--------+--------+--------+-----+--------+

Top non-repeatable levels by time:
     D:3: 1070 daAuts
     D:1: 577 daAuts
     D:2: 412 daAuts
     D:4: 100 daAuts
